 Dungeon Crawl Stone Soup version 0.32-a0-893-gf85d74f360 (webtiles) character file.

Game seed: 8030663809085005757

11 pokedragonboy the Grasshopper (level 2, 0/24 HPs)
             Began as an Armataur Warper on Apr 3, 2024.
             Slain by Jessica
             ... wielding a +0 club
              (3 damage)
             ... on level 2 of the Dungeon.
             The game lasted 00:01:17 (224 turns).

pokedragonboy the Grasshopper (Armataur Warper)      Turns: 224, Time: 00:01:18

Health: 0/24       AC:  4    Str: 16    XL:     2   Next: 13%
Magic:  4/4        EV:  8    Int: 13    God:
Gold:   22         SH:  0    Dex:  9    Spells: 4/4 levels left

rFire   . . .        a - +1 hand axe
rCold   . . .        (no shield)
rNeg    . . .        b - +0 leather armour
rPois   .            (no helmet)
rElec   .            (no cloak)
rCorr   .            (no gloves)
SInv    .            (no barding)
Will    .....        (no amulet)
Stlth   +            (no ring)
HPRegen 0.24/turn    (no ring)
MPRegen 1.08/turn

%: roll
@: weak-willed
A: large, deformed body, tough skin 3, armoured tail, rollpage 1
a: no special abilities


You were on level 2 of the Dungeon.
You visited 1 branch of the dungeon, and saw 2 of its levels.

You collected 22 gold pieces.

Inventory:

Hand Weapons
 a - a +1 hand axe (weapon)
Missiles
 d - 7 darts of dispersal (quivered)
Armour
 b - a +0 leather armour (worn)
 f - an orb of wrath
Talismans
 g - a beast talisman
Scrolls
 c - a scroll of blinking


   Skills:
 + Level 1.9 Fighting
 * Level 1.8 Axes
 - Level 0.8 Throwing
 + Level 1.5 Armour
 - Level 1.3 Dodging
 - Level 1.7 Spellcasting
 * Level 3.2 Translocations


You had 4 spell levels left.
You didn't know any spells.
Your spell library contained the following spells:

 Spells                   Type           Power      Damage    Failure   Level
 Blink                    Tloc           18%        N/A       13%         2
 Lesser Beckoning         Tloc           18%        N/A       13%         2
 Maxwell's Portable Pile  Tloc           9%         2d(6-16)  26%         3
 Teleport Other           Tloc           9%         N/A       26%         3
 Vhi's Electric Charge    Tloc/Air       10%        N/A       86%         4


Dungeon Overview and Level Annotations

Branches:
Dungeon (2/15)

Altars:

Annotations:
D:2 Jessica, Sigmund


Innate Abilities, Weirdness & Mutations

Armour fits poorly on your strangely shaped body.
You have extremely tough skin. (AC +3)
You have a long armoured tail.
You regenerate magic when rolling toward enemies. (Rampage MPRegen)


Message History

Sigmund the Dreaded comes into view.
He is wielding a +0 scythe.
Jessica zaps a wand.
The puff of flame hits you.
Okay, then.
You aren't carrying any potions.
Sorry, you're not good enough to have a special ability.
Okay, then.
Okay, then.
As you read the scroll labelled OLOXYPSOTRY, it crumbles to dust.
Sigmund shouts!
A wave of despondency washes over your surroundings.
It was a scroll of vulnerability.
Jessica looks very angry.
Jessica gestures at you while chanting. Pain shoots through your body!
As you read the scroll labelled ZEASODGHUKHLU, it crumbles to dust.
It is a scroll of amnesia.
You feel forgetful for a moment.
A rat comes into view.
Sigmund mumbles some strange words.
Sigmund flickers and vanishes!
Deactivating autopickup; reactivate with Ctrl-A.
As you read the scroll labelled ENYHOF BIGAGH, it crumbles to dust.
It is a scroll of enchant weapon.
Your +0 hand axe glows red for a moment.
The rat squeaks loudly.
You aren't carrying any potions.
Okay, then.
You roll towards Jessica!
Jessica hits you but does no damage.
You closely miss Jessica. You tail-slap Jessica.
Jessica is severely wounded.
Something hits you. Jessica closely misses you.
You hit Jessica.
Jessica is almost dead.
Something hits you!
* * * LOW HITPOINT WARNING * * *
Unknown command.
You barely miss the rat. You tail-slap the rat.
You kill the rat!
You closely miss Jessica. Jessica hits you with a +0 club.
You die...

...........######
................#
................#
................#
...........)....#
................#####.#.
........####............
.......## #####..#.....
......## #@@......
..###.# #........... ...
... #...........# . ...
#..#...##..... #. .....
...#. .. ..##.. .#... .
... ... ... .... .... ##


You could see Jessica (weak-willed).

Vanquished Creatures
  3 endoplasms (D:1)
  A giant cockroach (D:1)
  A hobgoblin (D:1)
  A bat (D:1)
  2 kobolds
  4 rats
12 creatures vanquished.

Notes
Turn   | Place    | Note
-------+----------+-------------------------------------------
     0 | D:1      | pokedragonboy the Armataur Warper began the quest for the
                  | Orb.
     0 | D:1      | Reached XP level 1. HP: 17/17 MP: 3/3
   164 | D:1      | Reached XP level 2. HP: 21/24 MP: 4/4
   194 | D:1      | You fall into a shaft and drop 1 floor!
   217 | D:2      | Noticed Jessica
   217 | D:2      | Noticed Sigmund
   224 | D:2      | Slain by Jessica

Illustrated notes

Levels and vault maps discovered:
D:1:      dreamdust_arrival_sigmund_warning, layout_rooms, nrook_uturn
D:2:      layout_rooms, minmay_pentomino_pile, uniq_jessica, uniq_robin,
          uniq_sigmund

Action                     || total
---------------------------++-------
  Melee: Hand axe          ||    24
         Tailslap          ||     3
    Use: Scroll            ||     3
 Armour: Leather armour    ||    20
  Dodge: Dodged            ||    12

Table legend: (Time is in decaauts)
 A = Elapsed time spent in this place.
 B = Non-inter-level travel time spent in this place.
 C = Inter-level travel time spent in this place.
 D = Time resting spent in this place.
 E = Time spent auto-exploring this place.
 F = Levels seen in this place.
 G = Mean time per level.
                   A        B        C        D        E       F      G
               +--------+--------+--------+--------+--------+-----+--------+
         Total |    228 |    228 |      0 |      0 |    162 |   2 |  114.0 |
       Dungeon |    228 |    228 |      0 |      0 |    162 |   2 |  114.0 |
               +--------+--------+--------+--------+--------+-----+--------+

Top non-repeatable levels by time:
     D:1: 198 daAuts
     D:2: 30 daAuts
